 Dungeon Crawl Stone Soup version 0.18-a0-1637-g109f206 (webtiles) character file.

1992 namelastname112 the Summoner (level 9, -10/52 HPs)
             Began as a Tengu Wizard on Mar 26, 2016.
             Was a Believer of Sif Muna.
             Killed from afar by Maurice (23 damage)
             ... with a wand of lightning
             ... on level 8 of the Dungeon.
             The game lasted 00:18:06 (10113 turns).

namelastname112 the Summoner (Tengu Wizard)        Turns: 10113, Time: 00:18:06

Health: -10/52     AC:  5    Str:  7    XL:     9   Next: 21%
Magic:  17/19      EV: 14    Int: 19    God:    Sif Muna [**....]
Gold:   374        SH:  0    Dex: 17    Spells: 3 memorised, 12 levels left

rFire  . . .     SeeInvis .     I - +2 trident of Papeumn {pierce, Dex+5} (curse)
rCold  . . .     Gourm    .     y - +1 leather armour {MR+}
rNeg   . . .     Faith    .     (no shield)
rPois  .         Spirit   .     b - +0 hat
rElec  .         Dismiss  .     u - +0 cloak
rCorr  .         Reflect  .     (no gloves)
SustAt +         Harm     .     (boots unavailable)
MR     +....                    (no amulet)
Stlth  ++........               (no ring)
                                f - ring of sustain attributes

@: drained, somewhat resistant to hostile enchantments, unstealthy
A: beak, talons 3, clumsy 1, dopey 1, able to fly 1
a: Fly, Channel Energy, Renounce Religion


You were on level 8 of the Dungeon.
You worshipped Sif Muna.
Sif Muna was pleased with you.
You were not hungry.

You visited 2 branches of the dungeon, and saw 9 of its levels.

You collected 374 gold pieces.

Inventory:

Hand Weapons
 I - the cursed +2 trident of Papeumn (weapon) {pierce, Dex+5}
   (You took it off an orc wizard on level 7 of the Dungeon)

   It inflicts extra damage upon your enemies.
   It affects your dexterity (+5).
   It has a curse placed upon it.
Armour
 b - a +0 hat (worn)
 u - a +0 cloak (worn)
 y - a +1 leather armour of magic resistance (worn)
Jewellery
 f - a ring of sustain attributes (left hand)
Wands
 t - a wand of random effects (26/48)
 D - a wand of slowing (33/48)
Scrolls
 e - a scroll of recharging {unknown}
 h - a scroll of enchant armour {unknown}
 j - 5 scrolls of identify {unknown}
 k - 3 scrolls of teleportation {unknown}
 l - 2 scrolls of remove curse {unknown}
 q - a scroll of enchant weapon {unknown}
 r - 4 scrolls of fear {unknown}
 s - a scroll of fog {unknown}
 w - 2 scrolls of random uselessness {unknown}
 C - 2 scrolls of blinking {unknown}
 F - a scroll of amnesia {unknown}
 G - a scroll of vulnerability {unknown}
Potions
 g - a potion of flight
 i - a potion of curing {unknown}
 m - a potion of degeneration
 v - 2 potions of heal wounds
 z - a potion of berserk rage {unknown}
 A - a potion of resistance
Books
 c - a book of Minor Magic

   Spells                             Type                      Level
   a - Magic Dart                     Conjuration                  1
   b - Blink                          Translocation                2
   c - Call Imp                       Summoning                    2
   d - Repel Missiles                 Charms/Air                   2
   e - Slow                           Hexes                        2
   f - Conjure Flame                  Conjuration/Fire             3
   g - Mephitic Cloud                 Conjuration/Poison/Air       3
 o - a book of Summonings

   Spells                             Type                      Level
   a - Recall                         Summoning/Translocation      3
   b - Aura of Abjuration             Summoning                    5
   c - Summon Demon                   Summoning                    5
   d - Summon Forest                  Summoning/Translocation      5
   e - Summon Mana Viper              Hexes/Summoning              5
   f - Shadow Creatures               Summoning                    6
 x - Kikubaaqudgha's Papyrus of Necromancy
   (You found it on level 4 of the Dungeon)

   Spells                             Type                      Level
   a - Pain                           Necromancy                   1
Comestibles
 a - 2 fruits
 d - 3 bread rations
 p - 6 slices of pizza
 H - 3 meat rations


   Skills:
 - Level 4.0 Fighting
 - Level 4.9(4.8) Dodging
 - Level 2.0(1.9) Stealth
 + Level 6.1 Spellcasting
 - Level 4.5 Conjurations
 * Level 9.1 Summonings
   Level 0.7 Translocations


You had 12 spell levels left.
You knew the following spells:

 Your Spells              Type           Power        Failure   Level  Hunger
c - Summon Demon          Summ           #####.....   12%         5    #####..
x - Call Imp              Summ           #####...     1%          2    None
z - Magic Dart            Conj           ###.         2%          1    None


Dungeon Overview and Level Annotations

Branches:
Dungeon (8/15)             Temple (1/1) D:4
   Lair: D:8-11

Altars:
Ashenzari
Cheibriados
Dithmenos
Fedhas
Gozag
Kikubaaqudgha
Makhleb
Nemelex Xobeh
Pakellas
Ru
Sif Muna
Vehumet
Xom
Yredelemnul
Zin
The Shining One

Shops:
D:4 }

Annotations:
D:8 Maurice


Innate Abilities, Weirdness & Mutations

You have a beak for a mouth.
You have claws for feet.
You can fly.
You are clumsy. (Dex -2)
You are dopey. (Int -2)


Message History

Maurice casts a spell.
Maurice flickers and vanishes!
Deactivating autopickup; reactivate with Ctrl-A.
Your hellwing barely misses something.
Your hellwing hits something. Your hellwing hits something!
Your hellwing closely misses something.
You see here a runed helmet.
You hear a zap.
A bolt of lightning appears from out of thin air!
The bolt of lightning hits you!
Your hellwing closely misses something.
Your hellwing barely misses something.
You hear a zap.
A bolt of lightning appears from out of thin air!
The bolt of lightning hits you!
* * * LOW HITPOINT WARNING * * *
Found 14 gold pieces.
You see here a whip.
You hear a zap.
A bolt of lightning appears from out of thin air!
The bolt of lightning hits you!
You die...

#................#
#...#>.)..####.#.#
####...4..).4.###....#
...............##.###..
#.......#..[......# ...
#.#####...)....##.# .#
#.......####..
#.<.#)........
#..).@.###### #..#..#.#
....$#...## ..####.....
.# #...### #...# #$...
##..#


You could see 2 friendly hellwings.

Vanquished Creatures
  Sigmund (D:3)
  An ogre (D:4)
  Blork the orc (D:6)
  4 giant frogs
  2 scorpions (D:7)
  A howler monkey (D:7)
  A jelly (D:7)
  A crimson imp (D:6)
  A giant frog zombie (D:6)
  7 orc priests
  An orc wizard (D:7)
  A giant frog skeleton (D:5)
  Ijyb (D:2)
  4 worker ants
  2 hell rats (D:7)
  3 gnolls (D:3)
  5 adders
  A river rat (D:7)
  A shadow imp (D:8)
  3 oozes
  3 worms
  2 dart slugs (D:1)
  2 giant geckos (D:4)
  17 orcs
  A ball python (D:3)
  10 goblins
  10 hobgoblins
  11 jackals
  10 kobolds
  A quokka (D:5)
  6 bats
  A giant newt (D:1)
  31 rats
147 creatures vanquished.

Vanquished Creatures (collateral kills)
  The ghost of namelastname112 the Ducker, an amateur TeWn (D:4)
  Edmund (D:5)
  2 sky beasts
  A big kobold (D:7)
  A gnoll sergeant (D:8)
  2 scorpions
  4 orc wizards
  A jelly (D:8)
  2 orc priests
  A centaur skeleton (D:6)
  A hell rat (D:7)
  A worker ant (D:6)
  Terence (D:2)
  5 gnolls
  A river rat (D:7)
  2 shadow imps
  An adder zombie (D:6)
  7 orcs
  A giant cockroach (D:6)
  2 jackals
  2 kobolds (D:7)
40 creatures vanquished.

Grand Total: 187 creatures vanquished

Notes
Turn   | Place    | Note
--------------------------------------------------------------
     0 | D:1      | namelastname112 the Tengu Wizard began the quest for the Orb.
     0 | D:1      | Reached XP level 1. HP: 10/10 MP: 5/5
   311 | D:1      | Reached XP level 2. HP: 15/15 MP: 4/7
   775 | D:1      | Reached XP level 3. HP: 19/19 MP: 4/8
  1409 | D:2      | Noticed Ijyb
  1422 | D:2      | Killed Ijyb
  1422 | D:2      | Reached XP level 4. HP: 20/24 MP: 2/10
  1601 | D:2      | Found a shadowy altar of Dithmenos.
  1962 | D:2      | Learned a level 2 spell: Call Imp
  2318 | D:3      | Reached skill level 1 in Fighting
  2318 | D:3      | Gained mutation: You can fly. [Tengu growth]
  2318 | D:3      | Reached XP level 5. HP: 27/29 MP: 6/12
  2886 | D:3      | Noticed Terence
  3046 | D:2      | Killed Terence
  3220 | D:3      | Reached XP level 6. HP: 34/36 MP: 6/13
  3288 | D:3      | Noticed Sigmund
  3310 | D:3      | Killed Sigmund
  4020 | D:3      | jacquesderrida: go namir go namir go
  4046 | D:3      | jacquesderrida: ma4i
  4076 | D:3      | jacquesderrida: little brave burd
  4369 | D:4      | Found a staircase to the Ecumenical Temple.
  4394 | Temple   | Entered the Ecumenical Temple
  4559 | D:4      | Found Selag's Gadget Shoppe.
  4708 | D:4      | Reached XP level 7. HP: 41/41 MP: 6/14
  5099 | D:4      | Noticed namelastname112's ghost (amateur TeWn)
  5208 | D:3      | xeno23: инвалид-гейминг
  5256 | D:4      | xeno23: напомни, как посмотреть весь лут на лвле
  5265 | D:4      | namelastname112: ctrl f .
  5357 | D:4      | xeno23: спс
  5451 | D:4      | Found a deep blue altar of Sif Muna.
  5452 | D:4      | Found an ancient bone altar of Kikubaaqudgha.
  5452 | D:4      | Found a radiant altar of Vehumet.
  5455 | D:4      | Identified Kikubaaqudgha's Papyrus of Necromancy
  5463 | D:4      | Became a worshipper of Sif Muna the Loreminder
  5735 | D:4      | Gained mutation: You are clumsy. (Dex -2) [potion of mutation]
  5735 | D:4      | Gained mutation: You are weak. (Str -2) [potion of mutation]
  5754 | D:4      | Killed namelastname112's ghost
  5754 | D:4      | Reached skill level 2 in Summonings
  6125 | D:4      | Reached skill level 3 in Summonings
  6328 | D:4      | Reached skill level 4 in Summonings
  6475 | D:5      | Entered Level 5 of the Dungeon
  6492 | D:5      | Found a shattered altar of Ashenzari.
  6496 | D:5      | Saw a vision of the Shoals and the Snake Pit.
  6496 | D:5      | Noticed a merfolk
  6496 | D:5      | Noticed a naga
  6496 | D:5      | Noticed a naga mage
  6496 | D:5      | Noticed a merfolk
  6496 | D:5      | Noticed a merfolk
  6496 | D:5      | Noticed a black mamba
  6496 | D:5      | Noticed a naga
  6496 | D:5      | Noticed a naga
  6496 | D:5      | Noticed a mana viper
  6496 | D:5      | Noticed a naga mage
  6496 | D:5      | Noticed a black mamba
  6496 | D:5      | Noticed a naga
  6496 | D:5      | Noticed a shock serpent
  6496 | D:5      | Noticed a siren
  6496 | D:5      | Noticed a naga
  6497 | D:5      | Noticed a naga
  6498 | D:5      | Noticed a black mamba
  6581 | D:5      | Gained mutation: Your spells are a little harder to cast, but a little more powerful. [potion of mutation]
  6581 | D:5      | Gained mutation: You evolve. [potion of mutation]
  6581 | D:5      | Lost mutation: Your spells are a little harder to cast, but a little more powerful. [potion of mutation]
  6733 | D:5      | Reached * piety under Sif Muna
  6733 | D:5      | Reached XP level 8. HP: 43/48 MP: 6/15
  6795 | D:5      | Reached skill level 5 in Summonings
  6813 | D:5      | Noticed Edmund
  6833 | D:5      | Killed Edmund
  7253 | D:6      | Reached skill level 5 in Spellcasting
  7261 | D:6      | Reached skill level 6 in Summonings
  7386 | D:6      | Gained mutation: You are dopey. (Int -2) [mutagenic meat]
  7543 | D:6      | Reached skill level 7 in Summonings
  7669 | D:6      | Noticed Blork the orc
  7770 | D:5      | Lost mutation: You are weak. (Str -2) [evolution]
  7770 | D:5      | Lost mutation: You evolve. [end of evolution]
  7906 | D:6      | Killed Blork the orc
  8151 | D:7      | Reached ** piety under Sif Muna
  8171 | D:7      | Found a shadowy altar of Dithmenos.
  8450 | D:7      | Reached skill level 8 in Summonings
  8763 | D:7      | Reached XP level 9. HP: 52/52 MP: 12/18
  9038 | D:7      | jacquesderrida: XENA THE WARRIOR QUEEN
  9451 | D:7      | Got an ichor-stained trident {pierce}
  9452 | D:7      | Identified the cursed +2 trident of Papeumn {pierce, Dex+5} (You took it off an orc wizard on level 7 of the Dungeon)
  9785 | D:7      | Learned a level 5 spell: Summon Demon
 10048 | D:8      | Reached skill level 9 in Summonings
 10100 | D:8      | Noticed Maurice
 10113 | D:8      | Killed from afar by Maurice

Vault maps used:
D:1:      minmay_arrival_hallway, st_stairs_7
D:2:      grunt_dithmenos_smoke_and_mirrors, first_bread, uniq_iyjb
D:3:      minmay_misc_feat_diagonals, uniq_terence, uniq_sigmund
D:4:      grunt_temple_overflow_magic_moments,
          minmay_temple_entry_statues_pillars, serial_shops, shop_fountains
D:5:      grunt_ashenzari_visionary, uniq_edmund
D:6:      uniq_blork_the_orc
D:7:      lemuel_ratsnest, basic_altar
D:8:      nicolae_overflow_hidden_temple, uniq_psyche, uniq_maurice
Temple:   triangle_lava_temple_11

Skill      XL: |  1  2  3  4  5  6  7  8  9 |
---------------+----------------------------+-----
Conjurations   | 2 3 4 |  4.5
Spellcasting   | 4 5 6 |  6.1
Fighting       | 1 2 3 4 |  4.0
Dodging        | 3 4 |  4.9
Summonings     | 4 8 9 |  9.1
Stealth        | |  2.0
Translocations | |  0.7

Action                   |  1- 3 |  4- 6 |  7- 9 || total
-------------------------+-------+-------+-------++-------
Melee: Dagger            |    24 |    21 |    29 ||    74
       Flail             |       |       |    35 ||    35
 Cast: Magic Dart        |    72 |   122 |   249 ||   443
       Call Imp          |       |    20 |    63 ||    83
       Summon Demon      |       |       |     2 ||     2
 Abil: Fly               |       |     2 |     1 ||     3
Evoke: Wand              |       |       |     1 ||     1
  Use: Potion            |       |       |     7 ||     7
  Eat: Chunk             |     1 |    10 |    12 ||    23
       Beef jerky        |       |       |     2 ||     2
       Meat ration       |       |       |     1 ||     1
